General information
- name: BNet
- type: Ladder team game (AT/RT)
- host: Battle.net
- saver: MICKRO_MASTER
map: Highperch
- players: 6
- length: 117:49
- speed: Fast
- version: 1.26 W3XP
- replay type: Public
» download(551 KB)
Players
team 1 (loser)

»
Elvish.ChampioN (
green | 55 APM | 6491 actions | 117:49)
3 Death Knight
2 Death Coil
1 Unholy Aura
3 Lich
2 Frost Nova
1 Frost Armor
3 Shadow Hunter
2 Hex
1 Healing Wave
1 Blademaster
1 Critical Strike
» actions
| Assign group hotkey | 71 | |
| Basic commands | 65 | |
| Build / train | 77 | |
| Enter build submenu | 68 | |
| Enter hero's abilities submenu | 13 | |
| Remove unit from queue | 3 | |
| Right click | 2836 | |
| Select / deselect | 1032 | |
| Select group hotkey | 2066 | |
| Use ability | 260 | |
6491 total
» units
| Acolyte | 3 | |
| Ghoul | 3 | |
| Crypt Fiend | 16 | |
| Frost Wyrm | 7 | |
| Razormane Medicine Man | 1 | |
| Kodo Beast | 1 | |
| Tauren | 4 | |
| Abomination | 3 | |
| Obsidian Statue | -1 | |
| Gargoyle | 1 | |
38 total
» upgrades
| Burrow | 1 | |
| Creature Attack | 3 | |
| Freezing Breath | 1 | |
| Creature Carapace | 3 | |
| Web | 1 | |
| Armor | 1 | |
| Disease Cloud | 1 | |
| Unholy Armor | 1 | |
| Spiked Barricades | 1 | |
13 total
» buildings
| Crypt | 2 | |
| Graveyard | 1 | |
| Altar of Darkness | 1 | |
| Ziggurat | 9 | |
| Tomb of Relics | 1 | |
| Nerubian Tower | 1 | |
| Halls of the Dead | 1 | |
| Spirit Tower | 1 | |
| Sacrificial Pit | 1 | |
| Black Citadel | 1 | |
| Boneyard | 2 | |
| Watch Tower | 44 | |
| Slaughterhouse | 2 | |
| Tauren Totem | 2 | |
| Orc Burrow | 1 | |
| Necropolis | 2 | |
| War Mill | 3 | |
75 total
» build order
00:08 Crypt
00:20 Graveyard
00:41 Altar of Darkness
00:57 Ziggurat
01:31 Tomb of Relics
02:09 Ziggurat
02:48 Nerubian Tower
03:41 Halls of the Dead
04:34 Ziggurat
05:30 Ziggurat
06:44 Spirit Tower
06:56 Sacrificial Pit
07:42 Ziggurat
07:43 Ziggurat
08:04 Black Citadel
10:43 Boneyard
10:44 Boneyard
20:26 Ziggurat
21:06 Ziggurat
21:07 Ziggurat
23:26 Watch Tower
23:27 Watch Tower
23:29 Watch Tower
23:29 Watch Tower
23:30 Watch Tower
23:30 Watch Tower
23:31 Watch Tower
23:31 Watch Tower
23:45 Watch Tower
23:46 Watch Tower
23:50 Watch Tower
23:51 Watch Tower
23:52 Watch Tower
23:53 Watch Tower
23:55 Watch Tower
28:36 Crypt
35:06 Slaughterhouse
35:07 Slaughterhouse
36:46 Tauren Totem
37:00 Tauren Totem
37:24 Orc Burrow
48:01 Necropolis
66:43 Watch Tower
68:13 Necropolis
68:52 War Mill
70:13 Watch Tower
70:47 Watch Tower
70:57 Watch Tower
71:28 Watch Tower
71:35 Watch Tower
72:21 Watch Tower
72:25 Watch Tower
72:28 Watch Tower
75:27 Watch Tower
75:37 Watch Tower
76:07 Watch Tower
76:20 Watch Tower
76:55 War Mill
77:22 War Mill
77:32 Watch Tower
78:36 Watch Tower
79:20 Watch Tower
79:28 Watch Tower
79:43 Watch Tower
79:45 Watch Tower
80:29 Watch Tower
80:33 Watch Tower
81:20 Watch Tower
82:12 Watch Tower
82:31 Watch Tower
82:59 Watch Tower
83:13 Watch Tower
83:20 Watch Tower
83:33 Watch Tower
88:17 Watch Tower
» items
| Rod of Necromancy | 1 | |
| Dust of Appearance | 1 | |
| Scroll of Town Portal | 1 | |
| Potion of Healing | 2 | |
| Orb of Corruption | 1 | |
| Potion of Mana | 1 | |
7 total

»
Pawcio_2 (
yellow | 108 APM | 9509 actions | 88:08)
4 Death Knight
2 Death Coil
2 Unholy Aura
4 Lich
2 Frost Nova
2 Frost Armor
» actions
| Assign group hotkey | 52 | |
| Basic commands | 245 | |
| Build / train | 86 | |
| ESC pressed | 3 | |
| Enter build submenu | 38 | |
| Enter hero's abilities submenu | 8 | |
| Give item / drop item | 2 | |
| Right click | 4360 | |
| Select / deselect | 807 | |
| Select group hotkey | 3753 | |
| Use ability | 155 | |
9509 total
» units
| Acolyte | 10 | |
| Ghoul | 3 | |
| Crypt Fiend | 13 | |
| Frost Wyrm | 15 | |
| Gargoyle | 5 | |
46 total
» upgrades
| Burrow | 1 | |
| Creature Attack | 4 | |
| Creature Carapace | 3 | |
| Freezing Breath | 1 | |
| Reinforced Defenses | 1 | |
| War Drums Damage Increase | 1 | |
| Web | 1 | |
| Armor | 1 | |
| Spiked Barricades | 1 | |
14 total
» buildings
| Graveyard | 2 | |
| Crypt | 1 | |
| Ziggurat | 11 | |
| Altar of Darkness | 1 | |
| Tomb of Relics | 1 | |
| Nerubian Tower | 3 | |
| Halls of the Dead | 1 | |
| Black Citadel | 1 | |
| Sacrificial Pit | 1 | |
| Boneyard | 2 | |
| Necropolis | 1 | |
| Spirit Tower | 6 | |
| Watch Tower | 8 | |
39 total
» build order
00:06 Graveyard
00:10 Graveyard
00:13 Crypt
00:43 Ziggurat
01:09 Altar of Darkness
02:15 Ziggurat
02:31 Tomb of Relics
03:46 Nerubian Tower
04:10 Halls of the Dead
05:05 Ziggurat
07:37 Black Citadel
08:07 Ziggurat
09:47 Sacrificial Pit
10:43 Boneyard
10:44 Boneyard
13:02 Necropolis
17:48 Ziggurat
17:49 Ziggurat
17:51 Ziggurat
18:14 Ziggurat
18:44 Spirit Tower
18:46 Nerubian Tower
20:29 Spirit Tower
21:50 Ziggurat
23:59 Nerubian Tower
24:02 Ziggurat
24:42 Spirit Tower
25:32 Watch Tower
25:34 Watch Tower
25:36 Watch Tower
25:54 Spirit Tower
26:00 Spirit Tower
26:01 Spirit Tower
27:15 Ziggurat
28:25 Watch Tower
28:28 Watch Tower
28:29 Watch Tower
28:29 Watch Tower
30:33 Watch Tower
» items
| Rod of Necromancy | 2 | |
| Orb of Corruption | 1 | |
| Dust of Appearance | 1 | |
| Potion of Healing | 1 | |
5 total

»
uuuuu (
orange | 73 APM | 1545 actions | 21:12)
3 Blademaster
2 Wind Walk
1 Critical Strike
1 Shadow Hunter
1 Healing Wave
» actions
| Assign group hotkey | 10 | |
| Build / train | 57 | |
| Enter build submenu | 14 | |
| Enter hero's abilities submenu | 4 | |
| Remove unit from queue | 1 | |
| Right click | 1028 | |
| Select / deselect | 359 | |
| Select group hotkey | 17 | |
| Use ability | 55 | |
1545 total
» units
| Peon | 15 | |
| Grunt | 6 | |
| Raider | 6 | |
| Demolisher | 9 | |
36 total
» upgrades
| Berserker Strength | 1 | |
| Ensnare | 1 | |
| Burning Oil | 1 | |
| Ranged Weapons | 2 | |
5 total
» buildings
| Altar of Storms | 1 | |
| Barracks | 1 | |
| Orc Burrow | 6 | |
| Voodoo Lounge | 1 | |
| Stronghold | 1 | |
| War Mill | 1 | |
| Beastiary | 1 | |
| Fortress | 1 | |
| Great Hall | 1 | |
14 total
» build order
00:18 Altar of Storms
00:28 Barracks
00:43 Orc Burrow
02:03 Orc Burrow
02:12 Voodoo Lounge
03:41 Stronghold
05:01 War Mill
06:41 Beastiary
06:51 Orc Burrow
08:11 Orc Burrow
10:08 Orc Burrow
12:43 Fortress
13:20 Great Hall
14:29 Orc Burrow
» items
| Scroll of Town Portal | 1 | |
| Potion of Healing | 1 | |
| Healing Salve | 2 | |
| Lesser Clarity Potion | 2 | |
| Orb of Lightning | 1 | |
7 total
team 2 (winner)
MICKRO_MASTER (
pink | 53 APM | 6249 actions | 117:49)
5 Blademaster
3 Wind Walk
2 Critical Strike
3 Archmage
1 Blizzard
1 Mass Teleport
1 Brilliance Aura
1 Mountain King
1 Storm Bolt
2 Paladin
1 Devotion Aura
1 Holy Light
» actions
| Assign group hotkey | 38 | |
| Basic commands | 95 | |
| Build / train | 94 | |
| ESC pressed | 5 | |
| Enter build submenu | 41 | |
| Enter hero's abilities submenu | 11 | |
| Give item / drop item | 5 | |
| Right click | 3740 | |
| Select / deselect | 642 | |
| Select group hotkey | 1033 | |
| Use ability | 544 | |
6249 total
» units
| Peon | 8 | |
| Kodo Beast | 2 | |
| Spirit Walker | 7 | |
| Troll Batrider | 14 | |
| Shaman | 2 | |
| Troll Witch Doctor | 2 | |
| Wind Rider | 7 | |
| Raider | 1 | |
43 total
» upgrades
| Spirit Walker Training | 2 | |
| Reinforced Defenses | 1 | |
| Liquid Fire | 1 | |
| War Drums Damage Increase | 1 | |
| Witch Doctor Training | 2 | |
| Shaman Training | 3 | |
| Ranged Weapons | 3 | |
| Armor | 3 | |
| Envenomed Spears | 1 | |
| Ensnare | 1 | |
| Melee Weapons | 1 | |
19 total
» buildings
| Altar of Storms | 1 | |
| Orc Burrow | 10 | |
| Voodoo Lounge | 2 | |
| Stronghold | 2 | |
| War Mill | 1 | |
| Beastiary | 2 | |
| Spirit Lodge | 1 | |
| Watch Tower | 21 | |
| Fortress | 1 | |
41 total
» build order
00:03 Altar of Storms
00:09 Orc Burrow
00:33 Voodoo Lounge
02:09 Stronghold
02:09 Stronghold
02:32 War Mill
04:07 Orc Burrow
04:32 Beastiary
04:33 Beastiary
04:36 Spirit Lodge
05:25 Orc Burrow
06:49 Watch Tower
06:50 Watch Tower
06:50 Watch Tower
06:53 Watch Tower
06:53 Watch Tower
06:55 Watch Tower
08:43 Watch Tower
08:43 Watch Tower
08:44 Fortress
09:55 Watch Tower
09:56 Watch Tower
10:42 Watch Tower
10:43 Watch Tower
10:44 Watch Tower
11:07 Watch Tower
16:18 Voodoo Lounge
17:36 Watch Tower
17:46 Orc Burrow
18:46 Watch Tower
28:46 Orc Burrow
28:48 Orc Burrow
28:49 Orc Burrow
28:53 Orc Burrow
28:54 Orc Burrow
39:00 Orc Burrow
41:52 Watch Tower
41:57 Watch Tower
41:58 Watch Tower
41:58 Watch Tower
42:01 Watch Tower
» items
| Healing Salve | 2 | |
| Lesser Clarity Potion | 6 | |
| Staff of Teleportation | 1 | |
| Boots of Speed | 1 | |
| Potion of Healing | 2 | |
| Potion of Mana | 1 | |
| Orb of Lightning | 1 | |
| Mechanical Critter | 2 | |
16 total
MyLiegeCyrus (
blue | 62 APM | 7290 actions | 117:49)
4 Archmage
2 Blizzard
2 Brilliance Aura
4 Mountain King
2 Storm Bolt
2 Bash
3 Paladin
2 Holy Light
1 Divine Shield
» actions
| Assign group hotkey | 351 | |
| Basic commands | 54 | |
| Build / train | 166 | |
| Enter build submenu | 120 | |
| Enter hero's abilities submenu | 11 | |
| Give item / drop item | 3 | |
| Right click | 3543 | |
| Select / deselect | 636 | |
| Select group hotkey | 2022 | |
| Use ability | 384 | |
7290 total
» units
| Peasant | 23 | |
| Dragonhawk Rider | 14 | |
| Sorceress | 2 | |
| Priest | 2 | |
| Spell Breaker | 1 | |
42 total
» upgrades
| Masonry | 3 | |
| Lumber Harvesting | 2 | |
| Magic Sentry | 1 | |
| Swords | 3 | |
| Armor | 3 | |
| Animal War Training | 1 | |
| Sorceress Training | 2 | |
| Priest Training | 2 | |
| Control Magic | 1 | |
18 total
» buildings
| Altar of Kings | 1 | |
| Farm | 9 | |
| Lumber Mill | 1 | |
| Scout Tower | 120 | |
| Arcane Tower | 6 | |
| Guard Tower | 64 | |
| Arcane Vault | 3 | |
| Keep | 1 | |
| Town Hall | 1 | |
| Castle | 1 | |
| Arcane Sanctum | 1 | |
| Gryphon Aviary | 1 | |
| Barracks | 1 | |
| Blacksmith | 1 | |
211 total
» build order
00:03 Altar of Kings
00:19 Farm
00:38 Farm
01:02 Farm
01:06 Lumber Mill
01:43 Scout Tower
01:47 Scout Tower
01:59 Scout Tower
02:26 Arcane Tower
02:28 Scout Tower
02:28 Arcane Tower
02:31 Scout Tower
02:32 Scout Tower
02:35 Guard Tower
02:37 Scout Tower
02:54 Guard Tower
02:54 Guard Tower
02:55 Guard Tower
02:58 Guard Tower
02:59 Guard Tower
03:00 Scout Tower
03:01 Scout Tower
03:05 Scout Tower
03:05 Guard Tower
03:15 Scout Tower
03:27 Arcane Tower
03:28 Scout Tower
03:30 Scout Tower
03:44 Guard Tower
03:44 Guard Tower
03:46 Scout Tower
03:46 Scout Tower
03:48 Arcane Vault
03:50 Guard Tower
03:52 Arcane Vault
04:03 Guard Tower
04:04 Scout Tower
04:20 Guard Tower
04:27 Scout Tower
04:28 Scout Tower
04:45 Guard Tower
04:47 Scout Tower
04:48 Scout Tower
05:01 Guard Tower
05:02 Scout Tower
05:03 Scout Tower
05:25 Guard Tower
05:27 Guard Tower
05:31 Scout Tower
05:32 Scout Tower
05:35 Guard Tower
05:46 Keep
05:52 Guard Tower
06:00 Guard Tower
06:03 Scout Tower
06:04 Scout Tower
06:10 Scout Tower
06:10 Scout Tower
06:24 Guard Tower
06:26 Scout Tower
06:27 Scout Tower
06:38 Guard Tower
06:49 Scout Tower
06:50 Scout Tower
06:59 Scout Tower
07:00 Scout Tower
07:01 Scout Tower
07:03 Guard Tower
07:34 Guard Tower
07:35 Guard Tower
07:35 Guard Tower
07:36 Guard Tower
07:38 Scout Tower
07:42 Arcane Tower
07:44 Scout Tower
07:47 Scout Tower
08:32 Guard Tower
08:33 Guard Tower
08:40 Scout Tower
09:03 Town Hall
09:16 Guard Tower
09:21 Guard Tower
10:37 Scout Tower
10:38 Scout Tower
10:43 Guard Tower
10:54 Scout Tower
12:06 Guard Tower
13:00 Castle
13:03 Arcane Sanctum
13:08 Scout Tower
13:23 Scout Tower
13:24 Scout Tower
13:25 Scout Tower
13:26 Scout Tower
13:49 Guard Tower
13:50 Scout Tower
13:51 Scout Tower
13:53 Scout Tower
13:56 Scout Tower
13:57 Scout Tower
14:04 Scout Tower
14:05 Scout Tower
14:07 Arcane Tower
14:07 Guard Tower
14:33 Guard Tower
14:48 Guard Tower
14:49 Scout Tower
14:49 Scout Tower
15:01 Guard Tower
15:03 Scout Tower
15:04 Scout Tower
15:17 Guard Tower
15:36 Guard Tower
15:46 Scout Tower
15:46 Scout Tower
15:47 Arcane Tower
15:52 Scout Tower
15:59 Guard Tower
16:00 Scout Tower
16:01 Scout Tower
16:03 Arcane Vault
16:07 Scout Tower
16:08 Scout Tower
16:09 Scout Tower
16:13 Guard Tower
16:16 Scout Tower
16:29 Guard Tower
16:38 Scout Tower
17:01 Guard Tower
17:02 Scout Tower
17:04 Scout Tower
17:04 Scout Tower
17:11 Guard Tower
17:12 Scout Tower
17:14 Farm
17:17 Gryphon Aviary
17:19 Barracks
17:20 Blacksmith
17:36 Guard Tower
17:41 Scout Tower
17:42 Scout Tower
17:42 Scout Tower
17:43 Scout Tower
17:43 Scout Tower
17:45 Scout Tower
17:47 Scout Tower
17:48 Scout Tower
17:49 Scout Tower
18:19 Guard Tower
18:45 Guard Tower
19:04 Guard Tower
19:06 Scout Tower
19:06 Scout Tower
19:14 Guard Tower
19:41 Guard Tower
19:52 Guard Tower
19:53 Scout Tower
19:54 Scout Tower
19:55 Scout Tower
19:56 Scout Tower
20:18 Guard Tower
20:23 Scout Tower
20:24 Scout Tower
20:25 Scout Tower
20:25 Scout Tower
20:50 Guard Tower
20:51 Scout Tower
20:53 Scout Tower
20:54 Guard Tower
20:56 Scout Tower
21:04 Scout Tower
21:05 Scout Tower
21:24 Guard Tower
22:33 Guard Tower
22:34 Scout Tower
23:11 Guard Tower
23:12 Scout Tower
23:13 Scout Tower
23:30 Farm
23:32 Scout Tower
23:33 Scout Tower
23:41 Guard Tower
23:43 Scout Tower
23:44 Scout Tower
23:45 Scout Tower
23:46 Scout Tower
23:47 Scout Tower
23:48 Scout Tower
24:41 Guard Tower
26:02 Guard Tower
28:29 Farm
28:30 Farm
28:30 Farm
31:01 Farm
39:18 Scout Tower
39:19 Scout Tower
39:22 Scout Tower
39:28 Scout Tower
39:30 Scout Tower
39:31 Scout Tower
39:32 Scout Tower
40:43 Guard Tower
40:51 Scout Tower
40:51 Scout Tower
40:53 Scout Tower
40:56 Scout Tower
40:57 Scout Tower
40:58 Scout Tower
42:32 Guard Tower
» items
| Scroll of Regeneration | 4 | |
| Potion of Healing | 1 | |
| Potion of Mana | 1 | |
| Scroll of Town Portal | 1 | |
| Staff of Sanctuary | 3 | |
| Orb of Lightning | 3 | |
| Healing Salve | 1 | |
| Boots of Speed | 3 | |
| Staff of Teleportation | 3 | |
20 total
Tight_Jeans (
teal | 47 APM | 5585 actions | 117:49)
5 Warden
2 Shadow Strike
3 Blink
» actions
| Assign group hotkey | 22 | |
| Basic commands | 93 | |
| Build / train | 87 | |
| Enter build submenu | 19 | |
| Enter hero's abilities submenu | 6 | |
| Give item / drop item | 2 | |
| Remove unit from queue | 2 | |
| Right click | 3692 | |
| Select / deselect | 731 | |
| Select group hotkey | 713 | |
| Use ability | 218 | |
5585 total
» units
| Wisp | 40 | |
| Druid of the Talon | 1 | |
| Hippogryph | 17 | |
58 total
» upgrades
| Ultravision | 1 | |
| Nature's Blessing | 1 | |
| Well Spring | 1 | |
| Druid of the Talon Training | 1 | |
| Strength of the Wild | 3 | |
| Reinforced Hides | 3 | |
10 total
» buildings
| Altar of Elders | 2 | |
| Moon Well | 9 | |
| Ancient of Wonders | 1 | |
| Hunter's Hall | 1 | |
| Tree of Ages | 1 | |
| Tree of Life | 2 | |
| Tree of Eternity | 1 | |
| Ancient of Wind | 1 | |
18 total
» build order
00:05 Altar of Elders
00:18 Moon Well
01:17 Moon Well
04:07 Ancient of Wonders
05:57 Hunter's Hall
06:23 Tree of Ages
07:43 Moon Well
07:48 Altar of Elders
09:30 Tree of Life
09:40 Moon Well
14:19 Moon Well
14:21 Moon Well
15:00 Tree of Life
16:16 Moon Well
16:17 Moon Well
18:22 Tree of Ages
20:56 Tree of Eternity
22:43 Ancient of Wind
40:26 Moon Well
» items
| Boots of Speed | 1 | |
| Staff of Teleportation | 1 | |
| Scroll of Town Portal | 2 | |
| Orb of Lightning | 1 | |
| Tiny Great Hall | 1 | |
| Mechanical Critter | 1 | |
7 total
Chat log
(00:12 / All) Elvish.ChampioN: pwc ceo
(00:13 / All) Elvish.ChampioN: and u ?
(00:24 / All) MyLiegeCyrus: Hey everyone!
(00:28 / All) Tight_Jeans: Hi Guys
(15:19 / All) MyLiegeCyrus: noobs?
(21:16 / All) MyLiegeCyrus: bye noobs
(29:26 / All) Elvish.ChampioN: its stupid
(29:30 / All) Elvish.ChampioN: to play like this
(29:30 / All) MyLiegeCyrus: you?
(29:31 / All) MyLiegeCyrus: yes
(29:37 / All) Elvish.ChampioN: me? no
(29:39 / All) Elvish.ChampioN: i am 150 iq
(29:55 / All) MyLiegeCyrus: yet you can't kill stationary towers
(29:57 / All) Elvish.ChampioN: you are about 44
(30:04 / All) MyLiegeCyrus: I dont make units
(30:05 / All) MyLiegeCyrus: still win
(30:06 / All) MyLiegeCyrus: LOL!
(34:11 / All) Pawcio_2: die bitch
(45:56 / All) Elvish.ChampioN: dont kill there poor burrows
(49:19 / All) MyLiegeCyrus: 350 gold well spent
(49:26 / All) Elvish.ChampioN: for hacks
(49:26 / All) Elvish.ChampioN: too
(49:31 / All) Elvish.ChampioN: these dollars
(49:32 / All) Elvish.ChampioN: u paid
(49:36 / All) MyLiegeCyrus: clan towa 100% hack free sorry
(49:47 / All) MICKRO_MASTER: what hack are you even accusing us of
(49:55 / All) MICKRO_MASTER: maphack because we staff of tp away???
(50:09 / All) MICKRO_MASTER: you can't just arbitrarily call us hackers, be specific
(50:16 / All) MyLiegeCyrus: TELL US!
(52:33 / All) MyLiegeCyrus: you are terrified
(52:39 / All) MyLiegeCyrus: Of these immobile structures
(53:51 / All) MyLiegeCyrus: I see this is taking you a while
(53:53 / All) MyLiegeCyrus: poor micro
(57:45 / All) MyLiegeCyrus: "good" micro green
(57:48 / All) MyLiegeCyrus: shit noob
(57:54 / All) Elvish.ChampioN: funny
(58:00 / All) MyLiegeCyrus: yea u are LOL
(59:10 / All) MICKRO_MASTER: how do you lose to towers
(59:32 / All) MyLiegeCyrus: nooobs
(61:30 / All) MyLiegeCyrus: bye noobies
(61:58 / All) MyLiegeCyrus: Thx for being so bad especially Elvis.Champion
(62:02 / All) MyLiegeCyrus: bad name for a bad player
(62:10 / All) MICKRO_MASTER: whew!! you guys stink!! go take a bath!!
(64:07 / All) Pawcio_2: xd
(64:18 / All) MyLiegeCyrus: welcome to highperch
(64:22 / All) Elvish.ChampioN: nice hack
(64:25 / All) MyLiegeCyrus: you might remember it from our website
(64:29 / All) MyLiegeCyrus: http://www.highper.ch
(64:37 / All) MyLiegeCyrus: read all about highperch and highperching on highperch
(64:41 / All) MyLiegeCyrus: On www.highper.ch
(74:39 / All) MICKRO_MASTER: whats it like to be a poor
(74:48 / All) MICKRO_MASTER: does it hurt
(74:52 / All) MICKRO_MASTER: having to destroy your own base
(74:57 / All) MyLiegeCyrus: shoutouts to the worst player of the game, Elvis.Champion, and his play of the night: two necropolis at left expo
(74:58 / All) MICKRO_MASTER: for what you know is a 0% chance to win
(75:08 / All) MyLiegeCyrus: how does that investment feel right about now
(75:11 / All) MyLiegeCyrus: 300 gold for that one
(75:58 / All) MICKRO_MASTER: you feeding orc?? lol
(76:36 / All) MICKRO_MASTER: do you know whats going to happen
(76:50 / All) MICKRO_MASTER: in 30~ minutes archmage is going to start blizzarding from a distance
(76:57 / All) MICKRO_MASTER: slowly whittling your towers & army down
(77:12 / All) MICKRO_MASTER: this will go on for a while and then when it's finally time to clean up we send in all our air
(77:29 / All) MICKRO_MASTER: might as well quit and save some face now that you know your future
(77:55 / All) MyLiegeCyrus: you are not very smart
(78:26 / All) MICKRO_MASTER: why does every shitbit retard birdnoob attempt a last stand
(78:30 / All) MICKRO_MASTER: it never works for you
(78:41 / All) MyLiegeCyrus: If you're looking for the tooltip that says Watch Towers gain damage from additional War Mills, loo harder
(78:50 / All) MICKRO_MASTER: do you think you are owning us by making us "waste time" in a game we willfully try to extend as long as possible
(79:03 / All) MICKRO_MASTER: what goes through a noob's brain
(79:09 / All) MyLiegeCyrus: stopedo little child... I laugh!
(84:26 / All) Pawcio_2: XD
(112:14 / All) MICKRO_MASTER: have you guys been counting
(112:17 / All) MICKRO_MASTER: is it 30m yet